 Dungeon Crawl Stone Soup version 0.29.1-15-g9cfb28693d (webtiles) character file.

Game seed: 1736830532972551400

42 KittyFluff the Cudgeller (level 3, 0/23 HPs)
             Began as a Gargoyle Berserker on Apr 18, 2023.
             Was a Believer of Trog.
             Slain by a gnoll
             ... wielding a +0 spear
              (7 damage)
             ... on level 2 of the Dungeon.
             The game lasted 00:03:29 (865 turns).

KittyFluff the Cudgeller (Gargoyle Berserker)        Turns: 865, Time: 00:03:30

Health: 0/23       AC:  7    Str: 20    XL:     3   Next: 54%
Magic:  3/3        EV: 11    Int:  7    God:    Trog [**....]
Gold:   29         SH:  5    Dex: 11    Spells: 2/2 levels left

rFire   . . .      SeeInvis +   a - +0 mace
rCold   . . .      Faith    .   (no shield)
rNeg    + . .      Spirit   .   m - +0 leather armour
rPois   ∞          Reflect  +   k - +0 helmet
rElec   +          Harm     .   (no cloak)
rCorr   .          Rampage  .   (no gloves)
Will    .....                   (no boots)
Stlth   +.........              g - amulet of reflection
HPRegen 0.07/turn               j - ring of see invisible
MPRegen 0.08/turn               (no ring)

@: on berserk cooldown, slowed, very slow
A: sickness immunity, AC +3, negative energy resistance 1, electricity
resistance, torment resistance 1, petrification resistance
a: Renounce Religion, Berserk, Trog's Hand


You were on level 2 of the Dungeon.
You worshipped Trog.
Trog was pleased with you.
You visited 1 branch of the dungeon, and saw 2 of its levels.

You collected 29 gold pieces.

Inventory:

Hand Weapons
 a - a +0 mace (weapon)
Armour
 k - a +0 helmet (worn)
 m - a +0 leather armour (worn)
Jewellery
 g - an amulet of reflection (around neck)
 j - a ring of see invisible (left hand)
Scrolls
 c - a scroll of butterflies {unknown}
 d - a scroll of identify {unknown}
 f - a scroll of poison {unknown}
 h - a scroll of enchant weapon {unknown}
 i - 2 scrolls of immolation {unknown}
 l - a scroll of teleportation {unknown}
Potions
 e - a potion of curing


   Skills:
 + Level 3.6 Fighting
 + Level 3.8 Maces & Flails
 * Level 2.6 Armour
 + Level 1.7 Dodging
 + Level 0.2 Stealth
 + Level 0.5 Shields


You had 2 spell levels left.
You didn't know any spells.
Your spell library was empty.

Dungeon Overview and Level Annotations

Branches:
Dungeon (2/15)

Altars:

Shops:
D:1 *


Innate Abilities, Weirdness & Mutations

You are immune to sickness and miasma.
Your stone body is resilient. (AC +3)
You are immune to poison.
You resist negative energy. (rN+)
You are resistant to electric shocks. (rElec)
You are resistant to unholy torment.
You are immune to petrification.


Message History

The gnoll barely misses you.
You thump the endoplasm!
You kill the endoplasm!
Trog accepts your kill. The gnoll hits you but does no damage.
The gnoll hits you with a +0 spear.
Things that are here:
a +0 dagger; a goblin corpse You block the gnoll's attack.
The gnoll hits you from afar with a +0 spear.
You hit the worm but do no damage. The worm closely misses you.
The gnoll hits you from afar with a +0 spear.
You thump the worm!
The worm is moderately wounded.
You block the gnoll's attack. The worm bites you!
* * * LOW HITPOINT WARNING * * *
It was a potion of curing.
You feel better.
The gnoll hits you from afar with a +0 spear.
* * * LOW HITPOINT WARNING * * *
A red film seems to cover your vision as you go berserk!
You feel yourself moving faster!
You feel mighty! The gnoll completely misses you.
The worm bites you but does no damage.
You thump the worm!
The worm is almost dead.
The gnoll hits you but does no damage.
A gnoll comes into view. It is wielding a +0 club.
The worm bites you but does no damage.
The gnoll shouts!
You sock the worm!
You kill the worm!
Trog accepts your kill.
A gnoll comes into view. It is wielding a +0 halberd.
The gnoll hits you but does no damage.
You feel a strong urge to attack something.
You feel your anger nearly subside.
You are no longer berserk.
You are exhausted.
You feel yourself slow down.
The gnoll hits you from afar with a +0 spear!
You die...

### #.... #.# +... #....
##.# #... #.... . ..## #..
##.... ..## #..## #..
#..... ....###...#### #.#
#..... #.)........# #.#
#.....
#####..########.#######
#.....
##.gg...g.@.......####.....
################..........
######...[. #..... #.....
#..... #..... ######


You could see 3 gnolls.

Vanquished Creatures
  A worm (D:2)
  8 ball pythons
  2 bats (D:1)
  5 endoplasms
  5 giant cockroaches (D:1)
  A goblin (D:2)
  A hobgoblin (D:1)
  4 jackals (D:1)
  A quokka (D:1)
  4 frilled lizards
  A kobold (D:1)
  3 rats (D:1)
36 creatures vanquished.

Notes
Turn   | Place    | Note
-------+----------+-------------------------------------------
     0 | D:1      | KittyFluff the Gargoyle Berserker began the quest for the
                  | Orb.
     0 | D:1      | Reached XP level 1. HP: 14/14 MP: 1/1
    47 | D:1      | Found Riab's Assorted Antiques.
    63 | D:1      | Reached XP level 2. HP: 19/19 MP: 2/2
   307 | D:1      | Found a faded altar of an unknown god.
   362 | D:1      | Reached ** piety under Trog
   364 | D:1      | Reached XP level 3. HP: 18/23 MP: 3/3
   850 | D:2      | HP: 1/23 [worm (9)]
   865 | D:2      | Slain by a gnoll

Illustrated notes

Levels and vault maps discovered:
D:1:      eino_arrival_druids_welcome, layout_rooms,
          ebering_ecumenical_altar_mist, serial_shops, nicolae_shop_statue_plus
D:2:      kennysheep_six_static_rooms, layout_rooms, uniq_natasha

Action                   || total
-------------------------++-------
Melee: Mace              ||    89
Invok: Berserk           ||     1
  Use: Potion            ||     1
Armor: Animal skin       ||    29
       Leather armour    ||     7
Dodge: Dodged            ||    51
Block: Other             ||    23
